[Event "*** Titled Tuesday Blitz"]
[Site "Chess.com"]
[Date "2020.10.20"]
[Round "8"]
[White "vugarrasulov"]
[Black "Rozum_Ivan"]
[Result "1-0"]
[WhiteElo "2875"]
[BlackElo "2747"]
[TimeControl "180+1"]
[EndTime "11:37:44 PDT"]
[Termination "vugarrasulov won by checkmate"]

1. e4 c6 2. d4 d5 3. Nc3 dxe4 4. Nxe4 Bf5 5. Nc5 b6 6. Nb3 e6 7. Nf3 Nf6 8. g3 Bd6 9. Bg2 h6 10. O-O O-O 11. Qe2 Qc7 12. Ne5 Nfd7 13. Nc4 Be7 14. Bf4 Qb7 15. Nd6 Bxd6 16. Bxd6 Rc8 17. c4 a5 18. Rac1 Na6 19. a3 a4 20. Nd2 Ra7 21.
Nf3 Nc7 22. Ne5 Ne8 23. Bb4 Nef6 24. Rfd1 Qa8 25. h3 Rac7 26. Bd6 Ra7 27. g4 Bh7 28. h4 Ne8 29. Bb4 Rac7 30. Re1 Qa6 31. Nxf7 c5 32.
Qxe6 Nf8 33. Nxh6+ Kh8 34. Nf7+ Kg8 35. Qe5 Rxf7 36.
dxc5 bxc5 37. Bc3 Nf6 38. g5 N6d7 39. Qg3 Nb6 40. h5 Bf5 41. g6 Rd7 42. Re5 Be6 43.
Rce1 Qxc4 44. R1e4 Qb3 45. Kh2 Bd5 46. Rf4 Bxg2 47.
Kxg2 Qd1 48. h6 gxh6 49. Rf7 Rxf7 50. gxf7+ Kxf7 51. Rf5+ Ke6 52. Rf6+ Ke7 53. Qg7+ Ke8 54. Rxf8# 1-0

[Event "*** Titled Tuesday Blitz"]
[Site "Chess.com"]
[Date "2020.10.20"]
[Round "8"]
[White "Zmeeed63"]
[Black "romulocardoso"]
[Result "1-0"]
[WhiteElo "2363"]
[BlackElo "2115"]
[TimeControl "180+1"]
[EndTime "11:37:45 PDT"]
[Termination "Zmeeed63 won on time"]

1. d4 Nf6 2. c4 e6 3. Nc3 Bb4 4. f3 O-O 5. e4 d5 6. e5 Nfd7 7. f4 c5 8. a3 Bxc3+ 9. bxc3 cxd4 10. cxd4 Nb6 11. c5 Nc4 12. Qc2 Qa5+ 13. Kf2 b5 14. cxb6 Qxb6 15. Be3 Nxe3 16. Kxe3 Nc6 17. Nf3 Rb8 18. Bd3 f6 19. Rab1 Qc7 20. Rxb8 Qxb8 21. Qxc6 fxe5 22. Nxe5 Qb2 23. Rc1 Qxg2 24. Qxc8 Qh3+ 25.
Nf3 Rxc8 26. Rxc8+ Kf7 27. Rc7+ Kf6 28. Rxa7 h6 29.
a4 g5 30. fxg5+ hxg5 31. Rh7 Qg4 32. Rh6+ Ke7 33. h3 Qf4+ 34. Ke2 g4 35. Rh7+ Kd6 36. hxg4 Qxg4 37. a5 Qg2+ 38. Ke3 Qb2 39. a6 Qc1+ 40. Kf2 Qb2+ 41. Be2 Qc2 42. Rg7 e5 43. dxe5+ Ke6 44. a7 Qc5+ 45. Kg3 Qf8 46. Rg6+ Ke7 47. Ra6 Qa8 48. Bb5 d4 49. Bc6 1-0

[Event "*** Titled Tuesday Blitz"]
[Site "Chess.com"]
[Date "2020.10.20"]
[Round "8"]
[White "Chamal_Gedgafov"]
[Black "OsorioFernando"]
[Result "1-0"]
[WhiteElo "2173"]
[BlackElo "2264"]
[TimeControl "180+1"]
[EndTime "11:37:45 PDT"]
[Termination "Chamal_Gedgafov won by checkmate"]

1. d4 Nf6 2. c4 g6 3. Nc3 d5 4. cxd5 Nxd5 5. e4 Nxc3 6. bxc3 Bg7 7. Be3 c5 8. Nf3 Nc6 9. Qd2 cxd4 10. cxd4 O-O 11.
Rc1 Bg4 12. d5 Bxf3 13. gxf3 Ne5 14. Be2 Rc8 15. O-O Qd7 16. Kg2 b5 17. h3 Nc4 18.
Bxc4 bxc4 19. Bd4 Qa4 20. Bxg7 Kxg7 21. Rc2 Rc7 22. Rfc1 Rfc8 23. Qd4+ Kg8 24. e5 Qb5 25. d6 exd6 26. exd6 Rc5 27. d7 Rd8 28. Rd1 Rc7 29.
Qg4 h5 30. Qf4 Rdxd7 31. Rxd7 Qxd7 32. Rxc4 Rxc4 33. Qxc4 a5 34. a4 Qa7 35. f4 Qb6 36. Qc8+ Kg7 37. Qc3+ Kh7 38. Qe5 Qb4 39. Qe8 Kg7 40.
Kg3 Qb3+ 41. f3 Qd1 42. Qe5+ Kh7 43. Kf2 Qxa4 44. Qf6 Qa2+ 45. Kg3 a4 46. f5 a3 47.
fxg6+ fxg6 48. Qe7+ Kh8 49. Qf8+ Kh7 50. Qe7+ Kg8 51.
Qe8+ Kg7 52. Qe7+ Kh6 53. Qf8+ Kg5 54. Qf4# 1-0

[Event "*** Titled Tuesday Blitz"]
[Site "Chess.com"]
[Date "2020.10.20"]
[Round "8"]
[White "Firouzja2003"]
[Black "GigaQuparadze"]
[Result "0-1"]
[WhiteElo "2998"]
[BlackElo "2891"]
[TimeControl "180+1"]
[EndTime "11:37:47 PDT"]
[Termination "GigaQuparadze won by resignation"]

1. f4 g6 2. Nf3 Bg7 3. e4 d6 4. d4 Nf6 5. Bd3 O-O 6. O-O Nbd7 7. e5 Nd5 8. c4 Nb4 9. Be4 c5 10. a3 Na6 11. exd6 exd6 12. d5 b5 13. cxb5 Nc7 14. Nc3 Rb8 15. a4 a6 16. bxa6 Bxa6 17. Bd3 Bb7 18.
f5 Nxd5 19. Nxd5 Bxd5 20. fxg6 hxg6 21. Bb5 Nb6 22. a5 Bc4 23. Bxc4 Nxc4 24. Qd5 Ne5 25.
Nxe5 dxe5 26. Qxd8 Rfxd8 27. Be3 c4 28. a6 e4 29. a7 Ra8 30. Rad1 Bxb2 31. Rxd8+ Rxd8 32. Rf2 c3 33. Rc2 f5 34. Kf2 Ra8 35. g3 Kf7 36. h4 Ke6 37. Ke1 Kd5 38. Rf2 Kc4 39. Kd1 Kb3 40. h5 gxh5 41. Rxf5 c2+ 42. Ke2 c1=Q 43.
Bxc1 Bxc1 44. Re5 e3 45. Re7 Bd2 46. Rb7+ Kc4 47. Rh7 Kd4 48. Kf3 Kd3 49. Rd7+ Kc4 50.
Rh7 Rf8+ 51. Ke2 Ra8 52. Kf3 Kb4 53. Ke2 Ka4 54. Kf3 Re8 55. Ke2 Ba5 56. Rxh5 Bb6 57. Rh6 Kb5 58. Rh5+ Ka6 59. Rh6 Kxa7 60. g4 Rf8 61. g5 Rf2+ 62. Kd3 Rd2+ 63. Kc3 Ba5+ 64. Kc4 e2 65. Re6 Rb2 66. g6 e1=Q 67. Rxe1 Bxe1 0-1

[Event "*** Titled Tuesday Blitz"]
[Site "Chess.com"]
[Date "2020.10.20"]
[Round "8"]
[White "gumimis"]
[Black "aisha_zakirova"]
[Result "1-0"]
[WhiteElo "2283"]
[BlackElo "2160"]
[TimeControl "180+1"]
[EndTime "11:37:48 PDT"]
[Termination "gumimis won on time"]

1. e4 c5 2. Nf3 d6 3. d4 cxd4 4. Nxd4 Nf6 5. Nc3 Nc6 6. Bg5 e6 7. Qd2 a6 8. O-O-O Bd7 9. f4 Be7 10. Kb1 h6 11. Bxf6 Bxf6 12. Nf3 Be7 13. e5 d5 14. f5 Bg5 15. Nxg5 Qxg5 16. fxe6 fxe6 17.
Qxg5 hxg5 18. Re1 O-O 19. Bd3 Rf2 20. g3 Raf8 21. h4 g4 22. Ne2 Nb4 23. Nf4 Nxd3 24. cxd3 Rc8 25. Rc1 Rxc1+ 26. Rxc1 Rf3 27. Rc7 Ba4 28.
b3 Bb5 29. Nxe6 Rxg3 30. Rxg7+ Kh8 31. Rxb7 Bxd3+ 32. Kb2 Bf5 33. Nd4 Rd3 34. Nxf5 g3 35. Rc7 g2 36. Rc1 Rd2+ 37. Ka3 Rf2 38. Ne3 d4 39.
Nxg2 Rxg2 40. Rd1 d3 41. Rxd3 Rh2 42. Re3 Rxh4 43. e6 Kg7 44. e7 1-0

[Event "*** Titled Tuesday Blitz"]
[Site "Chess.com"]
[Date "2020.10.20"]
[Round "8"]
[White "Oleksandr_Bortnyk"]
[Black "Gabrielian_Artur"]
[Result "0-1"]
[WhiteElo "2879"]
[BlackElo "2803"]
[TimeControl "180+1"]
[EndTime "11:37:51 PDT"]
[Termination "Gabrielian_Artur won by checkmate"]

1. e4 c5 2. c3 Nf6 3. e5 Nd5 4. d4 cxd4 5. Nf3 Nc6 6. cxd4 d6 7. Nc3 dxe5 8. dxe5 Be6 9. Qa4 g6 10. Bb5 Rc8 11. O-O Nxc3 12. bxc3 Bg7 13. Qxa7 O-O 14. Qe3 Qc7 15. Re1 Rfd8 16. Bb2 Bd5 17. c4 Bxf3 18. gxf3 e6 19. a3 Ne7 20. Rad1 Nf5 21. Qe4 Bf8 22. Bc1 Be7 23. a4 b6 24. Bf4 h5 25. h3 Qc5 26.
Ba6 Bh4 27. Be3 Nxe3 28. Rxd8+ Rxd8 29. Qxh4 Ra8 30. Bb7 Rb8 31. Ba6 Nf5 32. Qg5 Qd4 33. Bb5 Rd8 34. Kg2 Kg7 35. c5 Nh4+ 36. Kg3 Nf5+ 37.
Kg2 bxc5 38. Re4 Qd1 39. a5 Rd2 40. a6 Qc2 41. Qf6+ Kg8 42. Be2 Rxe2 43. Qd8+ Kh7 44. Rxe2 Qxe2 45. a7 Ne3+ 46. Kg3 h4+ 47. Qxh4+ Kg7 48.
Qf6+ Kh7 49. a8=Q Nf5+ 50. Kg2 Ne3+ 51. Kg3 Nf5+ 52. Kg4 Nh6+ 53. Kg5 Qd2+ 54. Qf4 Qd1 55. Kf6 Ng8+ 56. Kxf7 Qd7+ 57. Kf8 Qe7# 0-1

[Event "*** Titled Tuesday Blitz"]
[Site "Chess.com"]
[Date "2020.10.20"]
[Round "8"]
[White "MokshanovAlexey"]
[Black "Rud_Makarian"]
[Result "1/2-1/2"]
[WhiteElo "2560"]
[BlackElo "2751"]
[TimeControl "180+1"]
[EndTime "11:37:51 PDT"]
[Termination "Game drawn by agreement"]

1. e4 e5 2. Nf3 Nc6 3. d4 exd4 4. Nxd4 Nf6 5. Nc3 Bb4 6. Nxc6 bxc6 7. Bd3 d5 8. exd5 O-O 9. O-O cxd5 10. h3 c6 11. Qf3 Bd6 12. Bf4 Rb8 13. b3 Rb4 14. Bxd6 Qxd6 15.
Rfe1 Be6 16. Ne2 Nd7 17. Ng3 g6 18. Rad1 a5 19. c3 Rbb8 20. c4 a4 21. cxd5 cxd5 22.
Bc4 axb3 23. Bxb3 Rfd8 24. Bxd5 Ne5 25. Qf6 Bxd5 26. Qxd6 Rxd6 27. Rxe5 Rbd8 28. Ne4 Bxe4 29. Rxd6 Rxd6 30. Rxe4 Rd1+ 31. Kh2 Rd2 32. Rf4 Rxa2 33.
h4 Kg7 34. g3 f5 35. Kg2 Kf6 36. Rb4 Ra6 37. Rb5 Re6 38. Rc5 Kg7 39. Rc7+ Kh6 40. Rb7 Re8 41. Ra7 Rg8 42. Kh3 Rg7 43. Ra6 Rc7 44.
Ra8 Kh5 45. Ra5 Rc3 46. Rd5 Rf3 47. Kg2 Kg4 48. Rd4+ f4 49. Rc4 h6 50. Rd4 g5 51.
hxg5 hxg5 52. Rc4 Rd3 53. gxf4 gxf4 54. Rb4 Rc3 55. Ra4 Kf5 56. Rb4 Ke5 57. Ra4 Rb3 58. Rc4 Kf5 59. Ra4 Rd3 60. Rc4 Rd5 61. Ra4 Ke5 62. Kf3 Rd3+ 63. Kg2 Rd4 64. Rxd4 Kxd4 65. Kf3 Ke5 66. Ke2 Ke4 67. f3+ Ke5 68. Kd3 Kd5 69.
Kc3 Kc5 70. Kd3 Kd5 71. Kc3 Kc5 1/2-1/2

[Event "*** Titled Tuesday Blitz"]
[Site "Chess.com"]
[Date "2020.10.20"]
[Round "8"]
[White "bakki78"]
[Black "Mikhail_Golubev"]
[Result "0-1"]
[WhiteElo "2725"]
[BlackElo "2556"]
[TimeControl "180+1"]
[EndTime "11:37:51 PDT"]
[Termination "Mikhail_Golubev won by resignation"]

1. e4 c5 2. c3 d6 3. d4 Nf6 4. Bd3 g6 5. Ne2 Bg7 6. O-O O-O 7. h3 Nbd7 8. a4 cxd4 9. cxd4 b6 10. Nbc3 Bb7 11. a5 e5 12. a6 Bc8 13. d5 Nc5 14. b4 Nxd3 15. Qxd3 Bd7 16. b5 Rc8 17.
Be3 Nh5 18. Rac1 f5 19. f4 exf4 20. Nxf4 Ng3 21. Rfe1 fxe4 22. Qd2 Qh4 23. Ne6 Bxe6 24. dxe6 Rxc3 25. e7 Qxe7 26. Rxc3 Bxc3 27. Qxc3 Rf1+ 28.
Kh2 Rxe1 29. Qxe1 Nf5 30. Bf4 e3 31. Qc3 e2 32. Bd2 Qe5+ 33. Qxe5 dxe5 34. Kg1 Nd4 35. Kf2 Nxb5 36. Kxe2 Nc7 37. Bc3 Nxa6 38. Bxe5 Nc5 39. Bc7 Kf7 40. Ke3 Ke6 41. Bb8 a5 42. g4 b5 43. Kd4 Nd7 44. Bc7 a4 45. Kc3 Kd5 46. Kb4 Kc6 47. Bd8 Nb6 48. h4 Nd5+ 49.
Ka3 Kc5 50. h5 Kc4 51. hxg6 hxg6 52. Bg5 Nc3 53. Be7 Nd5 54. Bf8 Ne3 55. g5 Nf5 56. Bb4 Nd4 57. Bf8 Ne6 58. Be7 Nc5 59. Kb2 b4 60.
Bf6 a3+ 61. Ka2 Kb5 62. Be7 Ne4 63. Kb3 Nd2+ 64. Kc2 Nc4 65. Kb3 Na5+ 66. Kc2 Ka4 67. Bf6 b3+ 68. Kc1 Nc4 0-1

[Event "*** Titled Tuesday Blitz"]
[Site "Chess.com"]
[Date "2020.10.20"]
[Round "8"]
[White "AniJak"]
[Black "Grineva_Marianna"]
[Result "0-1"]
[WhiteElo "2386"]
[BlackElo "2272"]
[TimeControl "180+1"]
[EndTime "11:37:51 PDT"]
[Termination "Grineva_Marianna won by resignation"]

1. e4 c5 2. Nc3 a6 3. g3 b5 4. Bg2 Bb7 5. Nge2 e6 6. d4 cxd4 7. Nxd4 Nc6 8. O-O Nge7 9. Nb3 Ng6 10. Be3 d6 11. Qd2 Qc7 12. Rad1 Be7 13. f4 O-O 14. h4 Rfd8 15. h5 Nf8 16. Qf2 Nd7 17. g4 b4 18. Ne2 a5 19. g5 Ba6 20. Rfe1 a4 21. Nbd4 Nxd4 22. Nxd4 Nc5 23. f5 Rac8 24.
f6 Bf8 25. fxg7 Bxg7 26. h6 Be5 27. Nf3 Bxb2 28. Bd4 Bxd4 29. Nxd4 Qe7 30. Nf3 Kh8 31. Qd4+ e5 32. Qxb4 Rg8 33. Qb6 Rcd8 34. Rd5 Bc8 35. Qb2 Bg4 36. Rxc5 Bxf3 37. Bxf3 Qxg5+ 38. Kf2 Qg3+ 39. Ke2 Qh2+ 40. Ke3 dxc5 41. Qc3 Qf4+ 42. Ke2 Rg3 43. Rf1 Rh3 44. Rf2 Rh2 45. Rxh2 Qxh2+ 46. Kf1 Qf4 47.
Ke2 Rd6 48. Qb2 Rxh6 49. Qb8+ Kg7 50. Qd6 Rh2+ 51. Kd3 Rd2+ 52. Kc4 Rxd6 53. Kxc5 Rd4 0-1

[Event "*** Titled Tuesday Blitz"]
[Site "Chess.com"]
[Date "2020.10.20"]
[Round "8"]
[White "Piotrek1979"]
[Black "Skat2704"]
[Result "1-0"]
[WhiteElo "2412"]
[BlackElo "2179"]
[TimeControl "180+1"]
[EndTime "11:37:52 PDT"]
[Termination "Piotrek1979 won by resignation"]

1. Nf3 d5 2. g3 Nf6 3. c4 e6 4.
Bg2 c5 5. O-O Be7 6. d3 O-O 7. Nc3 b6 8. Bf4 Bb7 9. a3 d4 10. Na4 Bd6 11. Qc1 Qc7 12. b4 Nbd7 13.
bxc5 bxc5 14. Rb1 Bc6 15. Bxd6 Qxd6 16. Qc2 e5 17. Rb2 e4 18. Nh4 exd3 19. exd3 Bxg2 20. Nxg2 Ne5 21. Qd1 Qc6 22. f4 Nxd3 23. Qxd3 Qxa4 24.
Rb5 Rac8 25. Nh4 a6 26. Rb6 Rfe8 27. Nf5 Rc6 28. Rb7 Rce6 29. Qb3 Qc6 30. Qf3 Qxf3 31. Rxf3 Ng4 32. h3 Ne3 33. Nxe3 dxe3 34. Kf1 g6 35. Ke2 Re4 36. f5 g5 37. f6 Rxc4 38. Rf5 Rc2+ 39.
Ke1 e2 40. Re7 Rb8 41. Rxe2 Rxe2+ 42. Kxe2 h6 43. Rxc5 Rb2+ 44. Ke3 Rb3+ 45. Ke4 Rxa3 46.
Rc8+ Kh7 47. Kf5 Rf3+ 48. Ke5 Rxg3 49. Rf8 Rxh3 50. Rxf7+ Kg8 51. Rg7+ Kf8 52. Ra7 Re3+ 53. Kf5 Rf3+ 54. Kg6 Re3 55. Ra8+ Re8 56. Rxe8+ Kxe8 57. Kg7 g4 58. f7+ Kd7 59. f8=Q g3 60. Qf3 1-0

[Event "*** Titled Tuesday Blitz"]
[Site "Chess.com"]
[Date "2020.10.20"]
[Round "8"]
[White "Guriempire"]
[Black "Legendinunknown"]
[Result "0-1"]
[WhiteElo "2785"]
[BlackElo "2616"]
[TimeControl "180+1"]
[EndTime "11:37:54 PDT"]
[Termination "Legendinunknown won by resignation"]

1. c4 e5 2. g3 Nf6 3. Bg2 d5 4. cxd5 Nxd5 5. Nf3 Nc6 6. O-O Nb6 7. b3 Be7 8. Bb2 Bf6 9. Nc3 e4 10. Ne1 Bf5 11. Nc2 O-O 12. Ne3 Bg6 13. Qc1 Re8 14.
Ng4 Bg5 15. Rd1 Nd4 16. h4 Nd5 17. Kf1 Bxh4 18. gxh4 Nf4 19. d3 Nxg2 20. Kxg2 exd3 21. exd3 Qxh4 22. Qf4 Ne6 23. Qg3 Qg5 24. Ne4 Nf4+ 25.
Kf3 Bxe4+ 26. dxe4 Ng6 27. Rd4 f5 28. Ne3 Qh5+ 29. Kg2 f4 30. Qg4 fxe3 31. Qxh5 Nf4+ 32. Kf3 Nxh5 33. Kxe3 Nf6 34. Rg1 Kf7 35. f3 Rad8 36. Ra4 a6 37. Rc4 c6 38. a4 g6 39. a5 Nd5+ 40. Kf2 Nf4 41. Bc3 Nh3+ 42. Kg2 Nxg1 43. Kxg1 Rd1+ 44. Kf2 Rb1 45. Rb4 Re7 46. Bd4 Rd7 47.
Be3 h5 48. Kg3 Rb2 49. Kf4 Re2 50. Bc5 Ke6 51. Kg5 Kf7 52. Bd4 Rg2+ 53. Kf4 Rd2 54. Be3 R2d3 55. Bc5 Ke6 56. Bf2 Rf7+ 57. Kg5 Rdxf3 58.
Bd4 Rg3+ 59. Kh6 Rg4 60. Bc3 h4 61. Rd4 h3 62. e5 Rxd4 0-1

[Event "*** Titled Tuesday Blitz"]
[Site "Chess.com"]
[Date "2020.10.20"]
[Round "8"]
[White "Belka1989"]
[Black "SCIM"]
[Result "1-0"]
[WhiteElo "2320"]
[BlackElo "2462"]
[TimeControl "180+1"]
[EndTime "11:37:54 PDT"]
[Termination "Belka1989 won by resignation"]

1. d4 Nf6 2. Nf3 g6 3. Bf4 Bg7 4. e3 O-O 5. Be2 d6 6. O-O b6 7. h3 Bb7 8. a4 c5 9. c3 Nc6 10. Nbd2 Qd7 11. Bh2 Rac8 12. Re1 Rfd8 13. Bf1 cxd4 14.
exd4 e5 15. Nc4 e4 16. Ng5 h6 17. Nxf7 Qxf7 18. Nxd6 Rxd6 19. Bxd6 Kh7 20. Bh2 Re8 21. c4 Nh5 22. d5 Nd4 23. a5 Bc8 24. axb6 axb6 25.
Ra8 Nf4 26. Kh1 h5 27. Rxc8 Rxc8 28. Rxe4 Nxh3 29. gxh3 Qxf2 30. Qe1 Qxb2 31. Re7 Qxh2+ 32. Kxh2 Nf3+ 33. Kg3 Nxe1 34. Rxe1 Bf6 35. Re6 Kg7 36. Rxb6 Ra8 37. Rb7+ Kh6 38. Rb3 Ra2 39. Bg2 Be5+ 40. Kf3 Bd4 41. Ke4 Bc5 42. Bf3 g5 43.
Ke5 Rf2 44. Ke6 Rf1 45. Kd7 Re1 46. Kc6 Bd4 47. d6 Bf6 48. c5 Kg6 49. Kc7 Rc1 50.
c6 Be5 51. Re3 Kf6 52. Rxe5 Kxe5 53. d7 Ra1 54. d8=Q Ra7+ 55. Kb6 Rf7 56. Qxg5+ Rf5 57. Qxf5+ Kxf5 58. Bxh5 1-0

[Event "*** Titled Tuesday Blitz"]
[Site "Chess.com"]
[Date "2020.10.20"]
[Round "8"]
[White "TigrVShlyape"]
[Black "vovachesss"]
[Result "1/2-1/2"]
[WhiteElo "2858"]
[BlackElo "2698"]
[TimeControl "180+1"]
[EndTime "11:37:55 PDT"]
[Termination "Game drawn by repetition"]

1. d4 e5 2. dxe5 Nc6 3. Nf3 Nge7 4. c4 Ng6 5. Nc3 Ngxe5 6. Nxe5 Nxe5 7. e4 Bc5 8. Be2 O-O 9. O-O d6 10. Na4 Qh4 11. Nxc5 dxc5 12. Be3 Qxe4 13. Bxc5 Bh3 14. f3 Qg6 15. Rf2 Rfd8 16. Qf1 Nd3 17. Bxd3 Rxd3 18. Rd1 Rad8 19. Rxd3 Rxd3 20. Qe2 Be6 21. b3 h6 22. Be3 a6 23. Qe1 b5 24. cxb5 axb5 25. Rd2 Bd5 26. Rxd3 Qxd3 27. Qc1 c6 28. Kf2 g5 29. h3 f6 30. Qd2 Qf5 31. Bd4 h5 32. Qe2 Kf7 33. Bc5 g4 34. Qe7+ Kg6 35. hxg4 hxg4 36. Qe8+ Bf7 37. Qe3 gxf3 38. gxf3 Bd5 39. Kg3 Be6 40. Qe4 Qxe4 41. fxe4 f5 42. e5 Kg5 43. Be3+ Kg6 44. Kf4 Bd7 45. a4 bxa4 46. bxa4 Kf7 47. a5 Ke6 48. a6 Bc8 49. a7 Bb7 50. Bb6 Kd5 51. Bc7 Ke6 52. Bb6 Ba8 53. Be3 Bb7 54. Bd4 Ba8 55. Kg5 c5 56. Bc3 c4 57.
Kf4 Bb7 58. Ke3 Bd5 59. Kf4 Bb7 60. Kg5 Ba8 61. Kf4 Bb7 1/2-1/2

[Event "*** Titled Tuesday Blitz"]
[Site "Chess.com"]
[Date "2020.10.20"]
[Round "8"]
[White "Oligan22"]
[Black "bait_or_mate"]
[Result "0-1"]
[WhiteElo "2435"]
[BlackElo "2592"]
[TimeControl "180+1"]
[EndTime "11:37:56 PDT"]
[Termination "bait_or_mate won on time"]

1. e4 c5 2. Nf3 d6 3. Bb5+ Bd7 4. Bxd7+ Qxd7 5. O-O Nf6 6. Re1 g6 7. e5 dxe5 8. Nxe5 Qc7 9. Qf3 Bg7 10. d3 O-O 11. Bf4 Qc8 12. Nc4 Nc6 13. Nc3 Nd4 14. Qd1 Re8 15. Be5 Qd7 16. Ne4 Nxe4 17. dxe4 Bxe5 18. Nxe5 Qe6 19. Nd3 Rac8 20. c3 Nb5 21.
Qa4 a6 22. Nf4 Qe5 23. Nd5 e6 24. Nb6 Rcd8 25. Nc4 Qf4 26. g3 Qf3 27. Re3 Qf6 28.
e5 Qe7 29. Rd1 Rd5 30. Nd6 Rd8 31. c4 Rxd1+ 32. Qxd1 Nxd6 33. Rd3 Kg7 34. exd6 Qf6 35. Qd2 Rd7 36. a3 Qe5 37. b4 b6 38. Kg2 h5 39. h4 Qe4+ 40. Kg1 Qxc4 41. bxc5 bxc5 42.
Qe3 Kg8 43. Kg2 Qb5 44. Qe5 Qc6+ 45. Kh2 c4 46. Rd1 c3 47. Rc1 c2 48. Qb2 Qxd6 49.
Rxc2 Qd5 50. Rc8+ Rd8 51. Rxd8+ Qxd8 52. Qe2 Qa5 53. Qd3 Qb6 0-1

[Event "*** Titled Tuesday Blitz"]
[Site "Chess.com"]
[Date "2020.10.20"]
[Round "8"]
[White "djano"]
[Black "731291"]
[Result "0-1"]
[WhiteElo "2458"]
[BlackElo "2632"]
[TimeControl "180+1"]
[EndTime "11:37:57 PDT"]
[Termination "731291 won by resignation"]

1. d4 d5 2. Nf3 Nf6 3. Bf4 e6 4. e3 Bd6 5. Ne5 O-O 6. Nd2 Ne4 7. Nxe4 dxe4 8. Bg3 f6 9. Nc4 Nc6 10. c3 Ne7 11. Nxd6 cxd6 12. Bc4 Kh8 13. Qh5 a6 14. Bb3 b5 15. Qg4 d5 16. Qf4 Nf5 17. h4 Ra7 18.
Bh2 e5 19. dxe5 fxe5 20. Qxe5 Qxh4 21. O-O-O Qxf2 22. Bf4 Nxe3 23. Bxe3 Qxe3+ 24. Kb1 Qf4 25. Qh5 h6 26. Qxd5 Bg4 27. Rde1 Re7 28. Qd4 e3 29.
Qb6 e2 30. a3 Qf6 31. Qxf6 Rxf6 32. Kc2 Rf2 33. g3 Bf5+ 34. Kd2 Rf3 35. Rxe2 Rd3+ 36. Ke1 Rxe2+ 37. Kxe2 Rxg3 38. Re1 Rg2+ 39. Kf3 Rxb2 40.
Bf7 Kh7 41. Re8 Rc2 42. Kf4 g6 43. Re7 Rf2+ 44. Ke5 Re2+ 45. Kf6 Rxe7 46. Kxe7 h5 47. Kf6 h4 48. Bd5 h3 49. Kg5 Kg7 50. Kh4 Kf6 51.
Bb7 a5 52. Kg3 Bd7 53. Bd5 Ke5 54. Bf7 g5 55. Bh5 g4 0-1

[Event "*** Titled Tuesday Blitz"]
[Site "Chess.com"]
[Date "2020.10.20"]
[Round "8"]
[White "Gogolev_Artemy"]
[Black "NikolaGry"]
[Result "0-1"]
[WhiteElo "2531"]
[BlackElo "2711"]
[TimeControl "180+1"]
[EndTime "11:37:58 PDT"]
[Termination "NikolaGry won by resignation"]

1. Nf3 c5 2. c4 b6 3. g3 Bb7 4. Bg2 Nf6 5. O-O e6 6. d4 cxd4 7. Qxd4 Be7 8. Nc3 O-O 9. Rd1 d6 10. Bg5 Nc6 11. Qf4 Ne8 12. Bxe7 Qxe7 13. Rd3 Rd8 14.
Rad1 f5 15. Qg5 Nf6 16. Nb5 h6 17. Qe3 d5 18. Nfd4 Nxd4 19. Rxd4 e5 20. R4d2 d4 21.
Rxd4 Ng4 22. Rxd8 Nxe3 23. Rxf8+ Qxf8 24. fxe3 Bxg2 25. Kxg2 Qc5 26. Rd3 Qxc4 27. Nc3 b5 28.
a3 a5 29. Kf2 b4 30. axb4 axb4 31. Nd5 Kh7 32. Ne7 Qe6 33. Nd5 Qd6 34. Rd1 Qc5 35. Rd3 g5 36. Nf6+ Kg6 37. Nd7 Qc7 38. Rd5 e4 39.
Ne5+ Kh5 40. b3 Qc1 41. Nc4 Qh1 42. Rxf5 Qxh2+ 43. Ke1 Qxg3+ 44. Kd2 Kg6 45. Rf8 h5 46. Rd8 h4 47. Rg8+ Kh7 48. Re8 h3 49. Rxe4 h2 50. Re7+ Kg8 51. Ne5 h1=Q 52. Re8+ Kg7 53. Nd3 Qa1 54.
Re7+ Kf8 55. Rc7 Qc3+ 56. Rxc3 bxc3+ 57. Kxc3 0-1

[Event "*** Titled Tuesday Blitz"]
[Site "Chess.com"]
[Date "2020.10.20"]
[Round "8"]
[White "TimofeevAr"]
[Black "maximnovik"]
[Result "1-0"]
[WhiteElo "2778"]
[BlackElo "2516"]
[TimeControl "180+1"]
[EndTime "11:37:58 PDT"]
[Termination "TimofeevAr won on time"]

1. e4 c6 2. d4 d5 3. f3 e6 4. Nc3 Qb6 5. a4 a6 6. a5 Qc7 7.
Bd2 Nf6 8. e5 Nfd7 9. f4 c5 10.
Nf3 Nc6 11. Bd3 cxd4 12. Ne2 Nc5 13. O-O Be7 14. Kh1 O-O 15. Nexd4 Nxd4 16. Nxd4 Bd7 17. Qe2 Nxd3 18. cxd3 Rac8 19. b4 g6 20. h3 b6 21.
Qe3 bxa5 22. Rxa5 Qb7 23. Rfa1 Bd8 24. Rxa6 Bb6 25. R6a2 Ra8 26. Bc3 Rxa2 27. Rxa2 Ra8 28. Rxa8+ Qxa8 29. f5 Qa3 30. Qd2 exf5 31. Bb2 Qa2 32.
Qc3 Bxd4 33. Qxd4 Be6 34. b5 Qb3 35. b6 f4 36. Bc3 g5 37. Qb4 Qxb4 38. Bxb4 Bc8 39.
Be7 h6 40. h4 gxh4 41. Bxh4 Kg7 42. Kg1 Kg6 43. Kf2 Kf5 44. Bf6 Kg4 45. Bg7 h5 46.
Bf6 Bb7 47. d4 Bc8 48. Bd8 Bb7 49. Bf6 Bc8 50. Bd8 Bb7 51. Be7 Bc8 52. Bb4 Bb7 53. Be1 Bc8 54. Ke2 Ba6+ 55. Kd2 h4 56. Kc3 h3 57. gxh3+ Kxh3 58. Kb4 Kg2 59. Kc5 Bb7 60. Kd6 f3 61. Ke7 f2 62. Bxf2 Kxf2 63. Kxf7 Ke3 64.
e6 Kxd4 65. e7 Bc6 66. b7 1-0

[Event "*** Titled Tuesday Blitz"]
[Site "Chess.com"]
[Date "2020.10.20"]
[Round "8"]
[White "szefru"]
[Black "ChessArchitect64"]
[Result "1-0"]
[WhiteElo "2243"]
[BlackElo "2050"]
[TimeControl "180+1"]
[EndTime "11:38:00 PDT"]
[Termination "szefru won by resignation"]

1. e4 c5 2. Nf3 d6 3. d4 cxd4 4. Qxd4 Nc6 5. Bb5 Bd7 6. Qd3 Nf6 7. c4 a6 8. Bxc6 Bxc6 9. Nc3 g6 10. O-O Bg7 11. h3 O-O 12. Be3 Nd7 13. Bd4 Ne5 14.
Bxe5 dxe5 15. Qe2 Qc7 16. b4 Rfd8 17. a4 e6 18. Rfc1 Be8 19. b5 a5 20. Nd1 b6 21.
Ne3 Bf8 22. Ng4 Bg7 23. Qb2 f6 24. Qe2 h5 25. Ne3 Bf8 26. g4 g5 27. h4 hxg4 28. Nxg4 gxh4 29. Nxf6+ Kf7 30. Nxe8 Kxe8 31. Nxh4 Qg7+ 32.
Kf1 Be7 33. Qh5+ Kd7 34. Ng6 Bc5 35. Rd1+ Kc7 36. Qxe5+ Qxe5 37. Nxe5 Rxd1+ 38. Rxd1 Rd8 39. Rxd8 Kxd8 40. Nd3 Bd4 41. f4 Kd7 42. Ke2 Ba1 43. e5 Bd4 44. Kf3 Bg1 45. Ke4 Ke7 46. f5 exf5+ 47.
Kxf5 Bd4 48. Nf4 Bg1 49. Nd5+ Kd7 50. e6+ Kd6 51. e7 Kd7 52. Kf6 Bc5 53. Kf7 Bxe7 54. Nxe7 Kd6 55. Nc8+ Kc5 56. Nxb6 Kxb6 57. Ke6 Kc5 58. Kd7 Kxc4 59. b6 1-0

[Event "*** Titled Tuesday Blitz"]
[Site "Chess.com"]
[Date "2020.10.20"]
[Round "8"]
[White "AttackSparrow"]
[Black "Ze-Pequeno"]
[Result "1-0"]
[WhiteElo "2393"]
[BlackElo "2221"]
[TimeControl "180+1"]
[EndTime "11:38:02 PDT"]
[Termination "AttackSparrow won on time"]

1. e4 e5 2. Nc3 Nf6 3. f4 d5 4.
fxe5 Nxe4 5. Qe2 Nxc3 6. dxc3 Be7 7. Nf3 O-O 8. Be3 Bf5 9. Qf2 Bg6 10. O-O-O c6 11.
Kb1 Qc8 12. h4 h6 13. Be2 Nd7 14. g4 Be4 15. Qg3 Qc7 16. Bf4 Nc5 17. g5 h5 18. Nd4 g6 19. e6 Qb6 20. exf7+ Rxf7 21. Rhf1 Na4 22. Nb3 a5 23. Be3 Qd8 24. Rxf7 Kxf7 25. Qe5 Qd6 26. Qd4 b5 27. Bd3 Bxd3 28. Qxd3 Kg8 29.
Bd4 Rf8 30. Bf6 Kh7 31. Bxe7 Qxe7 32. Nd4 Qd6 33. Qe3 Nc5 34. a3 Ne4 35. Nb3 Qc7 36. Nc5 Re8 37. Rf1 Re7 38. Qd4 Nxc5 39. Qxc5 Rf7 40. Rxf7+ Qxf7 41. Qxc6 Qf1+ 42. Ka2 Qf4 43.
Qd7+ Kg8 44. Qc8+ Kg7 45. Qd7+ Kh8 46. Qxd5 Qxh4 47. Qd8+ Kh7 48. Qe7+ Kg8 49. Qe8+ Kg7 50. Qxb5 a4 51. Qd7+ Kg8 52. Qe8+ Kg7 53. Qe7+ Kg8 54.
Qe6+ Kg7 55. Qf6+ Kh7 56. Qf7+ Kh8 57. Qf8+ Kh7 58. Qh6+ Kg8 59. Qxg6+ Kf8 60. Qf6+ Ke8 61. Qe6+ Kd8 62. g6 Qc4+ 63. Qxc4 1-0

[Event "*** Titled Tuesday Blitz"]
[Site "Chess.com"]
[Date "2020.10.20"]
[Round "8"]
[White "Gusarov91"]
[Black "ChristopherYoo"]
[Result "0-1"]
[WhiteElo "2605"]
[BlackElo "2847"]
[TimeControl "180+1"]
[EndTime "11:38:03 PDT"]
[Termination "ChristopherYoo won by checkmate"]

1. d4 Nf6 2. Nf3 g6 3. c4 Bg7 4.
Nc3 d5 5. Bf4 O-O 6. e3 Be6 7.
Qb3 c5 8. Qxb7 Qb6 9. Qxb6 axb6 10. Ng5 Nc6 11. Nxe6 fxe6 12. dxc5 bxc5 13. a3 d4 14. Nb5 g5 15. Bg3 Ne4 16. Nc7 dxe3 17. Bd3 exf2+ 18.
Ke2 Nd4+ 19. Ke3 Nxg3 20. hxg3 Rac8 21. Bxh7+ Kf7 22. Nb5 Be5 23. Kxf2 Kg7+ 24. Ke3 Nxb5 25. cxb5 Bxb2 26. Raf1 Bd4+ 27. Ke2 Rxf1 28. Kxf1 Rh8 29. b6 Rxh7 30. Rxh7+ Kxh7 31. b7 Be5 32. Ke2 Kg6 33.
Kd3 Kf5 34. Kc4 Bd6 35. a4 e5 36. a5 e4 37. a6 Bb8 38. g4+ Kf4 39. Kxc5 e3 40. Kb6 e2 41. a7 Bxa7+ 42. Kxa7 e1=Q 43. b8=Q+ Qe5 44. Qf8+ Qf6 45. Qc8 Qd4+ 46. Kb7 Qd5+ 47. Ka6 Qd6+ 48. Kb7 Qd5+ 49. Ka6 e6 50. g3+ Kxg4 51.
Qc7 Qd3+ 52. Kb6 Qxg3 53. Qc6 Qe3+ 54. Ka6 Kf5 55. Qc8 Qe4 56. Kb6 g4 57. Qg8 Kf4 58. Kc7 Qf5 59. Qf7 Qxf7+ 60. Kd6 g3 61. Kc6 g2 62. Kd6 g1=Q 63. Kc6 Qd4 64. Kb5 Qb7+ 65. Ka5 Qdb4# 0-1